TOP OF THE 1ST |
Houston Hammertime batting - Pitching for Mexico City Cerveceros : LHP Jesús López
|
Pitching: LHP Jesús López
|
|
Batting: RHB Moo-hyun Pak
|
0-0: Swinging Strike 0-1: Ball 1-1: Called Strike 1-2: Ball 2-2: Ball 3-2: Ground out 5-3 (Groundball, 56)
|
Batting: LHB José Villegas
|
0-0: Called Strike 0-1: Ground out 4-3 (Groundball, 34)
|
Batting: RHB Buck Jones
|
0-0: Foul Ball, location: 2F 0-1: Called Strike 0-2: Ball 1-2: Fly out, F3 (Popup, 3F)
|
Top of the 1st over - 0 run(s), 0 hit(s), 0 error(s), 0 left on base; Houston 0 - Mexico City 0 |
BOTTOM OF THE 1ST |
Mexico City Cerveceros batting - Pitching for Houston Hammertime : RHP Ramiro Rivera
|
Pitching: RHP Ramiro Rivera
|
|
Batting: LHB Chad Weaver
|
0-0: Ball 1-0: Foul Ball, location: 2F 1-1: Ball 2-1: Ground out 4-3 (Groundball, 4)
|
Batting: RHB Murai Ishihara
|
0-0: Ball 1-0: Called Strike 1-1: Ball 2-1: Called Strike 2-2: Ground out 6-3 (Groundball, 6)
|
Batting: LHB Tony Abete
|
0-0: Called Strike 0-1: SOLO HOME RUN (Flyball, 8RXD), Distance : 427 ft
|
Batting: RHB Dave Morgan
|
0-0: Ball 1-0: Called Strike 1-1: Ball 2-1: Ball 3-1: Base on Balls
|
Batting: LHB Eduardo Gómez
|
0-0: Ball 1-0: Fly out, F6 (Popup, 5)
|
Bottom of the 1st over - 1 run(s), 1 hit(s), 0 error(s), 1 left on base; Houston 0 - Mexico City 1 |
TOP OF THE 2ND |
Houston Hammertime batting - Pitching for Mexico City Cerveceros : LHP Jesús López
|
Batting: RHB Emílio Carrillo
|
0-0: Ball 1-0: SINGLE (Groundball, 2L) (infield hit)
|
Batting: LHB Tony Tavárez
|
0-0: Called Strike 0-1: Ball 1-1: Foul Ball, location: 2F 1-2: Strikes out swinging
|
Batting: LHB Fernando Camacho
|
0-0: Foul Ball, location: 2F 0-1: Ball 1-1: Ball 2-1: Ball 3-1: Foul Ball, location: 2F 3-2: Foul Ball, location: 2F 3-2: Strikes out looking
|
Batting: RHB Santo Cruz
|
0-0: SINGLE (Line Drive, 78M) Emílio Carrillo to second
|
Batting: RHB Raúl Salas
|
0-0: Ball 1-0: Called Strike 1-1: Foul Ball, location: 2F 1-2: Strikes out looking
|
Top of the 2nd over - 0 run(s), 2 hit(s), 0 error(s), 2 left on base; Houston 0 - Mexico City 1 |
BOTTOM OF THE 2ND |
Mexico City Cerveceros batting - Pitching for Houston Hammertime : RHP Ramiro Rivera
|
Batting: LHB Brandon Cummings
|
0-0: Ball 1-0: Ground out 1-4-3 (Groundball, 15S)
|
Batting: RHB Reynold Akker
|
0-0: Ball 1-0: Called Strike 1-1: Ball 2-1: SINGLE (Groundball, 56D)
|
Batting: LHB Javier Escobedo
|
0-0: Called Strike 0-1: Fly out, F6 (Popup, 6)
|
Batting: LHB Jesús Núñez
|
0-0: Called Strike 0-1: Fly out, F7 (Flyball, 78XD)
|
Bottom of the 2nd over - 0 run(s), 1 hit(s), 0 error(s), 1 left on base; Houston 0 - Mexico City 1 |
TOP OF THE 3RD |
Houston Hammertime batting - Pitching for Mexico City Cerveceros : LHP Jesús López
|
Batting: RHB Mario Beltrán
|
0-0: Ball 1-0: Ball 2-0: SINGLE (Line Drive, 7S)
|
Batting: RHB Moo-hyun Pak
|
0-0: Grounds into double play, 6-4-3 (Groundball, 6)
|
Batting: LHB José Villegas
|
0-0: Foul Ball, location: 2F 0-1: Ball 1-1: Ball 2-1: Fly out, F8 (Flyball, 8RM)
|
Top of the 3rd over - 0 run(s), 1 hit(s), 0 error(s), 0 left on base; Houston 0 - Mexico City 1 |
BOTTOM OF THE 3RD |
Mexico City Cerveceros batting - Pitching for Houston Hammertime : RHP Ramiro Rivera
|
Batting: LHB Chad Weaver
|
0-0: Ball 1-0: Foul Ball, location: 2F 1-1: Ball 2-1: Ground out 6-3 (Groundball, 6)
|
Batting: RHB Murai Ishihara
|
0-0: Fly out, F2 (Popup, 25F)
|
Batting: LHB Tony Abete
|
0-0: Foul Ball, location: 2F 0-1: Ball 1-1: Foul Ball, location: 2F 1-2: Ball 2-2: Ball 3-2: Foul Ball, location: 2F 3-2: Strikes out looking
|
Bottom of the 3rd over - 0 run(s), 0 hit(s), 0 error(s), 0 left on base; Houston 0 - Mexico City 1 |
TOP OF THE 4TH |
Houston Hammertime batting - Pitching for Mexico City Cerveceros : LHP Jesús López
|
Batting: RHB Buck Jones
|
0-0: Foul Ball, location: 2F 0-1: SINGLE (Groundball, 56)
|
Batting: RHB Emílio Carrillo
|
0-0: Called Strike 0-1: Ball 1-1: Foul Ball, location: 2F 1-2: Ground out 6-3 (Groundball, 6M) Buck Jones to second
|
Batting: LHB Tony Tavárez
|
0-0: Ball 1-0: Ball Buck Jones steals 3rd base 2-0: Ball 3-0: Base on Balls
|
Batting: LHB Fernando Camacho
|
0-0: Ball 1-0: Fly out, F9 (Flyball, 9M) Runner from 3rd tags up, SCORES, no throw
|
Batting: RHB Santo Cruz
|
0-0: Ball Tony Tavárez steals 2nd base 1-0: Fly out, F9 (Flyball, 89M)
|
Top of the 4th over - 1 run(s), 1 hit(s), 0 error(s), 1 left on base; Houston 1 - Mexico City 1 |
BOTTOM OF THE 4TH |
Mexico City Cerveceros batting - Pitching for Houston Hammertime : RHP Ramiro Rivera
|
Batting: RHB Dave Morgan
|
0-0: Ball 1-0: Called Strike 1-1: Swinging Strike 1-2: Foul Ball, location: 2F 1-2: Ball 2-2: Strikes out swinging
|
Batting: LHB Eduardo Gómez
|
0-0: Called Strike 0-1: Ball 1-1: Foul Ball, location: 2F 1-2: Foul Ball, location: 2F 1-2: SINGLE (Groundball, 34D)
|
Batting: LHB Brandon Cummings
|
Pickoff Throw to First - Out! 0-0: Ball 1-0: Foul Ball, location: 2F 1-1: Foul Ball, location: 2F 1-2: Ground out 3-1 (Groundball, 34)
|
Bottom of the 4th over - 0 run(s), 1 hit(s), 0 error(s), 0 left on base; Houston 1 - Mexico City 1 |
TOP OF THE 5TH |
Houston Hammertime batting - Pitching for Mexico City Cerveceros : LHP Jesús López
|
Batting: RHB Raúl Salas
|
0-0: Fly out, F3 (Popup, 3F)
|
Batting: RHB Mario Beltrán
|
0-0: Ball 1-0: Foul Ball, location: 2F 1-1: Foul Ball, location: 2F 1-2: DOUBLE (Line Drive, 9LS) - OUT at third base trying to stretch hit.
|
Batting: RHB Moo-hyun Pak
|
0-0: Ball 1-0: Ball 2-0: Foul Ball, location: 2F 2-1: Ball 3-1: Foul Ball, location: 2F 3-2: Strikes out swinging
|
Top of the 5th over - 0 run(s), 1 hit(s), 0 error(s), 0 left on base; Houston 1 - Mexico City 1 |
BOTTOM OF THE 5TH |
Mexico City Cerveceros batting - Pitching for Houston Hammertime : RHP Ramiro Rivera
|
Batting: RHB Reynold Akker
|
0-0: Called Strike 0-1: Swinging Strike 0-2: Fly out, F9 (Flyball, 9D)
|
Batting: LHB Javier Escobedo
|
0-0: Called Strike 0-1: Swinging Strike 0-2: Foul Ball, location: 2F 0-2: SINGLE (Groundball, 34D)
|
Batting: LHB Jesús Núñez
|
0-0: Ball 1-0: Called Strike 1-1: Ball 2-1: DOUBLE (Groundball, 5L) Javier Escobedo to third Runner from 3rd tries for Home, SAFE, no throw or cutoff
|
Batting: LHB Chad Weaver
|
0-0: Called Strike 0-1: Ball 1-1: Ball 2-1: Ball 3-1: Foul Ball, location: 2F 3-2: Ground out 1-3 (Groundball, 13S) Jesús Núñez to third
|
Batting: RHB Murai Ishihara
|
0-0: Ball 1-0: SINGLE (Groundball, 5L) Jesús Núñez scores
|
Batting: LHB Tony Abete
|
0-0: Swinging Strike 0-1: Ball 1-1: Ball 2-1: Swinging Strike 2-2: Ball 3-2: Base on Balls Murai Ishihara to second
|
Batting: RHB Dave Morgan
|
0-0: Called Strike 0-1: Ball 1-1: Foul Ball, location: 2F 1-2: Ball 2-2: Ground out 6-3 (Groundball, 6)
|
Bottom of the 5th over - 2 run(s), 3 hit(s), 0 error(s), 2 left on base; Houston 1 - Mexico City 3 |
TOP OF THE 6TH |
Houston Hammertime batting - Pitching for Mexico City Cerveceros : LHP Jesús López
|
Batting: LHB José Villegas
|
0-0: Swinging Strike 0-1: Fly out, F8 (Flyball, 8LM)
|
Batting: RHB Buck Jones
|
0-0: Ball 1-0: Ball 2-0: Fly out, F7 (Flyball, 78S)
|
Batting: RHB Emílio Carrillo
|
0-0: Foul Ball, location: 2F 0-1: Ball 1-1: Fly out, F8 (Flyball, 8LM)
|
Top of the 6th over - 0 run(s), 0 hit(s), 0 error(s), 0 left on base; Houston 1 - Mexico City 3 |
BOTTOM OF THE 6TH |
Mexico City Cerveceros batting - Pitching for Houston Hammertime : RHP Ramiro Rivera
|
Batting: LHB Eduardo Gómez
|
0-0: SINGLE (Groundball, 34D)
|
Batting: LHB Brandon Cummings
|
0-0: Called Strike 0-1: Ball 1-1: Ball 2-1: Foul Ball, location: 2F 2-2: Ball 3-2: Foul Ball, location: 2F 3-2: Foul Ball, location: 2F 3-2: Foul Ball, location: 2F 3-2: 2-RUN HOME RUN (Line Drive, 89XD), Distance : 408 ft
|
Batting: RHB Reynold Akker
|
0-0: SINGLE (Flyball, 4MD)
|
Batting: LHB Javier Escobedo
|
0-0: Called Strike 0-1: Ball 1-1: Ball 2-1: SINGLE (Line Drive, 8LS) Reynold Akker to second
|
Batting: LHB Jesús Núñez
|
0-0: Ball 1-0: Ball 2-0: Lines into TRIPLE play, 4-3 (Line Drive, 4)
|
Bottom of the 6th over - 2 run(s), 4 hit(s), 0 error(s), 0 left on base; Houston 1 - Mexico City 5 |
TOP OF THE 7TH |
Houston Hammertime batting - Pitching for Mexico City Cerveceros : LHP Jesús López
|
Batting: LHB Tony Tavárez
|
0-0: Foul Ball, location: 2F 0-1: Ball 1-1: Foul Ball, location: 2F 1-2: Ball 2-2: Foul Ball, location: 2F 2-2: Strikes out swinging
|
Batting: LHB Fernando Camacho
|
0-0: Foul Ball, location: 2F 0-1: Fly out, F7 (Popup, 7S)
|
Batting: RHB Santo Cruz
|
0-0: Ball 1-0: Called Strike 1-1: Ball 2-1: Ball 3-1: Foul Ball, location: 2F 3-2: Strikes out swinging
|
Top of the 7th over - 0 run(s), 0 hit(s), 0 error(s), 0 left on base; Houston 1 - Mexico City 5 |
BOTTOM OF THE 7TH |
Mexico City Cerveceros batting - Pitching for Houston Hammertime : RHP Ramiro Rivera
|
Batting: LHB Chad Weaver
|
0-0: SINGLE (Flyball, 8LS)
|
Batting: RHB Murai Ishihara
|
0-0: Sac Bunt - play at first, batter OUT! 1-3 Chad Weaver to second
|
Batting: LHB Tony Abete
|
0-0: Intentional Walk
|
Batting: RHB Dave Morgan
|
0-0: Swinging Strike 0-1: Foul Ball, location: 2F 0-2: Ball Wild Pitch! Chad Weaver to third Tony Abete to second 1-2: Ball 2-2: Ball 3-2: Fly out, F9 (Flyball, 89XD) Runner from 3rd tags up, SCORES, no throw Tony Abete to third
|
Batting: LHB Eduardo Gómez
|
0-0: Called Strike 0-1: Fly out, F7 (Flyball, 78M)
|
Bottom of the 7th over - 1 run(s), 1 hit(s), 0 error(s), 1 left on base; Houston 1 - Mexico City 6 |
TOP OF THE 8TH |
Houston Hammertime batting - Pitching for Mexico City Cerveceros : LHP Jesús López
|
Now at 2B: Jesús Ramírez
|
|
Batting: RHB Raúl Salas
|
0-0: Called Strike 0-1: Foul Ball, location: 2F 0-2: SINGLE (Groundball, 4MD)
|
Batting: RHB Mario Beltrán
|
0-0: Swinging Strike 0-1: Called Strike 0-2: SINGLE (Line Drive, 4MD) Raúl Salas to second
|
Batting: RHB Moo-hyun Pak
|
0-0: Called Strike 0-1: Foul Ball, location: 2F 0-2: SINGLE (Groundball, 5D) Raúl Salas to third Mario Beltrán to second
|
Pitching: RHP Clifford Smith
|
|
Batting: LHB José Villegas
|
0-0: SINGLE (Line Drive, 34) Raúl Salas scores Mario Beltrán to third Moo-hyun Pak to second
|
Pitching: RHP Jared Cameron
|
|
Batting: RHB Buck Jones
|
0-0: Called Strike 0-1: Ball 1-1: Ball 2-1: Foul Ball, location: 2F 2-2: Fly out, F7 (Flyball, 78M)
|
Batting: RHB Emílio Carrillo
|
0-0: Ball 1-0: Ball 2-0: Foul Ball, location: 2F 2-1: Foul Ball, location: 2F 2-2: Ball 3-2: Strikes out swinging
|
Pitching: RHP Josh Schmitt
|
|
Batting: LHB Tony Tavárez
|
0-0: Fly out, F5 (Popup, 25)
|
Top of the 8th over - 1 run(s), 4 hit(s), 0 error(s), 3 left on base; Houston 2 - Mexico City 6 |
BOTTOM OF THE 8TH |
Mexico City Cerveceros batting - Pitching for Houston Hammertime : RHP Ramiro Rivera
|
Batting: LHB Brandon Cummings
|
0-0: Ball 1-0: Called Strike 1-1: Swinging Strike 1-2: Ball 2-2: Foul Ball, location: 2F 2-2: Ground out U3 (Groundball, 3S)
|
Pitching: LHP Martín Reyes
|
|
Batting: RHB Reynold Akker
|
0-0: Ball 1-0: Called Strike 1-1: Ball 2-1: Called Strike 2-2: Ball 3-2: Foul Ball, location: 2F 3-2: Strikes out swinging
|
Batting: LHB Javier Escobedo
|
0-0: SINGLE (Groundball, 5D)
|
Batting: LHB Jesús Núñez
|
0-0: Ball 1-0: Fly out, F7 (Flyball, 7D)
|
Bottom of the 8th over - 0 run(s), 1 hit(s), 0 error(s), 1 left on base; Houston 2 - Mexico City 6 |
TOP OF THE 9TH |
Houston Hammertime batting - Pitching for Mexico City Cerveceros : RHP Josh Schmitt
|
Batting: LHB Fernando Camacho
|
0-0: Foul Ball, location: 2F 0-1: Ground out U3 (Groundball, 3S)
|
Batting: RHB Santo Cruz
|
0-0: Called Strike 0-1: Ball 1-1: Ball 2-1: Called Strike 2-2: Ball 3-2: Base on Balls
|
Batting: RHB Raúl Salas
|
0-0: Foul Ball, location: 2F 0-1: Called Strike 0-2: Ball 1-2: Ball 2-2: SINGLE (Groundball, 6MD) Santo Cruz to second
|
Pitching: RHP Gilberto Barrera
|
|
Batting: RHB Mario Beltrán
|
0-0: Ball 1-0: Grounds into double play, 4-6-3 (Groundball, 4)
|
Top of the 9th over - 0 run(s), 1 hit(s), 0 error(s), 1 left on base; Houston 2 - Mexico City 6 |
|